 Dungeon Crawl Stone Soup version 0.28-a0-1447-ga5a8893891 (webtiles) character file.

Game seed: 5450120951981884191

19554 herbaltea the Basher (level 12, -1/98 HPs)
             Began as a Mummy Cinder Acolyte on Jan 11, 2022.
             Was an Elder of Ignis.
             Slain by a wolf (3 damage)
             ... led by Grum
             ... on level 11 of the Dungeon.
             The game lasted 00:48:55 (13327 turns).

herbaltea the Basher (Mummy Cinder Acolyte)        Turns: 13327, Time: 00:48:56

Health: -1/98      AC: 18    Str: 18    XL:     12   Next: 37%
Magic:  16/16      EV:  7    Int: 16    God:    Ignis [****..]
Gold:   611        SH:  0    Dex:  9    Spells: 17/17 levels left

rFire   . . .      SeeInvis +   a - +10 whip of Arrival {protect, rPois rC+ rCorr SInv}
rCold   + + .      Faith    .   (no shield)
rNeg    + + +      Spirit   .   r - +3 plate armour
rPois   ∞          Reflect  .   (no helmet)
rElec   .          Harm     .   R - +0 cloak
rCorr   +          Rampage  .   (no gloves)
Will    +....                   N - +0 pair of boots
Stlth   ..........              j - amulet of regeneration
HPRegen 1.06/turn               (no ring)
MPRegen 0.15/turn               (no ring)

@: no status effects
A: cold resistance 1, negative energy resistance 3, torment resistance 2, heat
vulnerability 1, no potions
a: Renounce Religion, Fiery Armour, Foxfire Swarm, Rising Flame


You were on level 11 of the Dungeon.
You worshipped Ignis.
Ignis was greatly pleased with you.
You visited 3 branches of the dungeon, and saw 13 of its levels.
You also visited: Ossuary and Bailey.

You collected 611 gold pieces.

Inventory:

Hand Weapons
 a - the +10 whip of Arrival (weapon) {protect, rPois rC+ rCorr SInv}
   (You found it on level 3 of the Dungeon)

   It grants its wielder temporary protection when it strikes (+7 to AC).
   rC:        It protects you from cold.
   rPois:     It protects you from poison.
   SInv:      It lets you see invisible.
   rCorr:     It protects you from acid and corrosion.
 b - a +3 vorpal hunting sling
 E - a +0 shortbow
 G - a +0 whip of pain
 H - a +0 arbalest
 I - the +8 spear of Exceptional Judgement {flame, rPois rN+}
   (You found it on level 6 of the Dungeon)

   It burns those it strikes, dealing additional fire damage.
   rPois:     It protects you from poison.
   rN:        It protects you from negative energy.
 K - a +0 vampiric trident
 M - a +2 halberd of electrocution
Missiles
 c - 284 stones
 e - 15 poisoned darts (quivered)
 h - 173 bolts
 l - 260 arrows
 s - 56 sling bullets
 x - 16 boomerangs
 y - 3 boomerangs of dispersal
 S - 3 throwing nets
Armour
 g - a +0 scale mail
 k - a +0 chain mail
 m - a +3 ring mail
 r - a +3 plate armour (worn)
 z - a +1 leather armour of fire resistance
 N - a +0 pair of boots (worn)
 P - a +2 leather armour of positive energy
 R - a +0 cloak (worn)
 U - a +0 troll leather armour
 X - a +3 leather armour of cold resistance
 Y - an orb of energy
Jewellery
 j - an amulet of regeneration (around neck)
 u - an amulet of magic regeneration
 V - an amulet of guardian spirit
 W - an amulet of reflection
 Z - a ring of flight
Wands
 o - a wand of polymorph (2)
 B - a wand of charming (2)
 C - a wand of digging (3)
 O - a wand of iceblast (1)
 Q - a wand of acid (12)
 T - a wand of paralysis (3)
Scrolls
 d - a scroll of enchant weapon {unknown}
 f - 13 scrolls of identify {unknown}
 i - 4 scrolls of noise {unknown}
 n - 2 scrolls of silence {unknown}
 p - 2 scrolls of immolation {unknown}
 q - 4 scrolls of amnesia {unknown}
 t - 2 scrolls of blinking {unknown}
 v - a scroll of fog {unknown}
 w - a scroll of enchant armour {unknown}
 A - 3 scrolls of holy word {unknown}
 D - 4 scrolls of teleportation {unknown}
 F - a scroll of fear {unknown}
 J - 6 scrolls of magic mapping {unknown}
 L - a scroll of vulnerability {unknown}


   Skills:
 + Level 10.3 Fighting
 * Level 11.3 Maces & Flails
 - Level 3.4 Polearms
 - Level 7.0 Armour
 - Level 7.0 Dodging
 - Level 3.0 Spellcasting
 - Level 2.4 Fire Magic


You had 17 spell levels left.
You didn't know any spells.
Your spell library contained the following spells:

 Spells                   Type           Power      Damage    Failure   Level
 Scorch                   Fire           20%        2d6       97%         2
 Ozocubu's Armour         Ice            2%         N/A       100%        3
 Stone Arrow              Conj/Erth      4%         3d7       100%        3
 Tukima's Dance           Hex            2%         N/A       100%        3
 Animate Armour           Summ/Erth      4%         N/A       100%        4
 Passage of Golubria      Tloc           2%         N/A       100%        4
 Iskenderun's Battlesphe  Conj           2%         2d6       100%        5
 Yara's Violent Unravell  Hex/Tmut       1%         3d3       100%        5
 Ozocubu's Refrigeration  Ice            1%         4d5       100%        7
 Lehudib's Crystal Spear  Conj/Erth      1%         10d2      100%        8
 Storm Form               Tmut/Air       Unusable   N/A       N/A         7

Dungeon Overview and Level Annotations

Branches:
Dungeon (11/15)            Temple (1/1) D:6            Lair (1/6) D:11
    Orc (0/2) D:11        Ossuary (visited)          Bailey (visited)

Altars:
Ashenzari
Cheibriados
Dithmenos
Elyvilon
Fedhas
Gozag
Hepliaklqana
Kikubaaqudgha
Makhleb
Nemelex Xobeh
Okawaru
Qazlal
Ru
Sif Muna
Trog
Uskayaw
Vehumet
Wu Jian
Xom
Yredelemnul
Zin
The Shining One

Shops:
D:2 ?   D:6 :*!   D:9 =

Annotations:
D:7 megavault, tengu warrior, exclusion: skeleton
D:11 3 runed translucent doors, exclusion: 3 doors, leviel's ghost, journeyman HOFi
Lair:1 Grum; Urug


Innate Abilities, Weirdness & Mutations

You are immune to poison.
Your flesh is cold resistant. (rC+)
You are immune to negative energy. (rN+++)
You are immune to unholy pain and torment.
You are vulnerable to heat. (rF-)
You do not drink.


Message History

The wolf bites you but does no damage. The wolf bites you but does no damage.
The wolf completely misses you.
There is a staircase back to the Dungeon here.
The wolf bites you but does no damage. x2
Urug hits you from afar with a +1 demon trident of flaming!
* * * LOW HITPOINT WARNING * * *
Urug burns you.
* * * LOW HITPOINT WARNING * * *
You climb upwards.
Welcome back to the Dungeon!
Level annotation: 3 runed translucent doors, exclusion: 3 doors, leviel's ghost, journeyman HOFi
There is a staircase to the Lair here.
You barely miss the wolf. The wolf barely misses you.
You hit the wolf.
Your weapon exudes an aura of protection.
The wolf is lightly wounded.
The wolf bites you!
* * * LOW HITPOINT WARNING * * *
You miss the wolf.
The wolf is lightly wounded.
The wolf closely misses you.
You barely miss the wolf.
The wolf is lightly wounded.
The wolf bites you.
* * * LOW HITPOINT WARNING * * *
The wolf barely misses you. The wolf barely misses you.
The wolf bites you but does no damage. The wolf bites you but does no damage.
The wolf bites you but does no damage. The wolf bites you!
* * * LOW HITPOINT WARNING * * *
The wolf bites you!
* * * LOW HITPOINT WARNING * * *
Aiming: Paralyse
Press: ? - help, Shift-Dir - straight line, f - wolf
Aim: a wolf (lightly wounded, chance to affect: 49%)
The wolf resists with some effort.
The wolf bites you but does no damage. The wolf bites you.
You die...

....#......#.........#...##..#
...#######...........#...##..#
..#...≈...#..........#.......#
....#...#............#.......#
...##PP.##......##...#.......#
.#...PPPP..#.#####...##......#
.#≈...>...≈#).........#.####.#
.#...PPPP..#..........#.# #.#
...##...##.....h@.....#.# #.#
....#...#.............#.# #.#
..#...≈...#...........#.####.#
...#######............#......#
.......##.......<.....#......#
###################'###......#
.............................#
.............................#
...............#.#..##.......#


You could see a wolf.

Vanquished Creatures
  Harold (D:9)
  A hydra (D:11)
  3 two-headed ogres
  A centaur warrior (D:10)
  A tengu warrior (D:11)
  2 orc knights
  A deep elf pyromancer (D:11)
  3 cyclopes (D:11)
  2 manticores (D:11)
  An oklob plant (D:11)
  An ugly thing (D:11)
  A black mamba (Lair:1)
  A gargoyle (D:7)
  2 kobold demonologists (D:11)
  3 trolls
  Grinder (D:3)
  A hornet (D:9)
  2 centaur simulacra (D:11)
  A wyvern (D:9)
  A shadow (D:8)
  A vampire (D:7)
  4 wraiths
  15 yaks
  2 vampire mosquitoes (D:11)
  3 water moccasins
  2 sky beasts (D:7)
  2 orc warriors
  An ice beast (D:7)
  3 necrophages
  2 wolves (Lair:1)
  5 centaurs
  6 ogres
  8 bullfrogs
  Blork the orc (D:4)
  A scorpion (D:4)
  A gnoll sergeant (D:10)
  A water moccasin zombie (D:5)
  6 wights
  7 killer bees
  3 howler monkeys
  2 electric eels (D:6)
  6 centaur zombies
  2 bullfrog zombies
  3 centaur skeletons
  2 jellies
  2 gnoll shamans
  3 orc priests
  An iguana (D:5)
  6 orc wizards
  A hound skeleton (D:5)
  A howler monkey zombie (D:10)
  17 gnolls
  3 howler monkey skeletons
  7 adders
  3 shadow imps
  2 white imps
  3 adder skeletons (D:4)
  2 worms
  A dart slug (D:3)
  34 orcs
  3 ball pythons
  4 endoplasms
  4 giant cockroaches
  13 goblins
  8 hobgoblins
  9 jackals
  7 quokkas
  A ball python skeleton (Ossuary)
  10 bats
  6 frilled lizards
  A hobgoblin skeleton (Ossuary)
  2 hobgoblin zombies (Ossuary)
  13 kobolds
  3 kobold zombies (Ossuary)
  2 orc skeletons (Ossuary)
  An orc zombie (Ossuary)
  6 rats
298 creatures vanquished.

Vanquished Creatures (collateral kills)
  3 gnolls (Bailey)
3 creatures vanquished.

Vanquished Creatures (others)
  A centaur zombie (D:7)
  A bullfrog skeleton (D:7)
  A gnoll (D:8)
  A kobold (D:11)
  27 foxfires
  A fungus (Lair:1)
  10 plants
42 creatures vanquished.

Grand Total: 343 creatures vanquished

Notes
Turn   | Place    | Note
-------+----------+-------------------------------------------
     0 | D:1      | herbaltea the Mummy Cinder Acolyte began the quest for the
                  | Orb.
     0 | D:1      | Reached XP level 1. HP: 18/18 MP: 2/2
   159 | D:1      | Reached XP level 2. HP: 14/24 MP: 4/4
  1228 | D:2      | Reached XP level 3. HP: 26/29 MP: 4/6
  1607 | D:2      | Found Plog's Magic Scroll Shoppe.
  1982 | D:2      | Noticed a necrophage
  2012 | D:2      | Killed a necrophage
  2013 | D:2      | Reached skill level 1 in Armour
  2013 | D:2      | Reached skill level 1 in Dodging
  2013 | D:2      | Reached XP level 4. HP: 24/36 MP: 6/8
  2013 | D:2      | Reached XP level 5. HP: 27/41 MP: 6/9
  2175 | D:3      | Identified the +10 whip of Arrival {protect, rPois rC+
                  | rCorr SInv}
  2684 | D:4      | Noticed Grinder
  2684 | D:4      | Noticed an ogre
  2705 | D:3      | Paralysed by Grinder for 4 turns
  2714 | D:3      | Killed Grinder
  2715 | D:3      | Reached skill level 2 in Maces & Flails
  2715 | D:3      | Reached XP level 6. HP: 48/48 MP: 10/10
  2773 | D:4      | Reached XP level 7. HP: 55/55 MP: 11/11
  2913 | D:4      | Found a sand-covered staircase.
  2920 | Ossuary  | Entered an ossuary
  3004 | Ossuary  | Noticed a wraith
  3004 | Ossuary  | Noticed a flying skull
  3013 | Ossuary  | Noticed a flying skull
  3043 | Ossuary  | Noticed a flying skull
  3066 | Ossuary  | Noticed a flying skull
  3071 | Ossuary  | Reached skill level 3 in Maces & Flails
  3086 | Ossuary  | Noticed a wraith
  3112 | Ossuary  | Killed a wraith
  3132 | Ossuary  | Noticed a wraith
  3142 | Ossuary  | Killed a wraith
  3336 | D:4      | Reached skill level 5 in Fighting
  3336 | D:4      | Reached XP level 8. HP: 25/62 MP: 12/12
  3425 | D:4      | Noticed Blork the orc
  3437 | D:4      | Killed Blork the orc
  3438 | D:4      | Reached skill level 4 in Maces & Flails
  3654 | D:4      | Got the Guide on Cloudy Arcane Weapons
  3724 | D:5      | Entered Level 5 of the Dungeon
  4988 | D:6      | Noticed a two-headed ogre
  5521 | D:5      | Killed a two-headed ogre
  5522 | D:5      | Reached skill level 5 in Maces & Flails
  5522 | D:5      | Reached XP level 9. HP: 31/69 MP: 13/13
  5782 | D:6      | Found a staircase to the Ecumenical Temple.
  5796 | Temple   | Entered the Ecumenical Temple
  6457 | D:6      | Found Aseer's Book Shop.
  6466 | D:6      | Found Coiloun's Assorted Antiques.
  6468 | D:6      | Found Texzautun's Distillery.
  6716 | D:6      | Reached skill level 6 in Maces & Flails
  6967 | D:6      | Identified the +8 spear of Exceptional Judgement {flame,
                  | rPois rN+}
  7372 | D:7      | Found a flagged portal.
  7385 | D:7      | Noticed a gargoyle
  7414 | D:7      | Killed a gargoyle
  7415 | D:7      | Reached skill level 5 in Dodging
  7494 | Bailey   | Entered a bailey
  7710 | Bailey   | Reached skill level 7 in Maces & Flails
  7711 | Bailey   | Noticed an orc knight
  7895 | Bailey   | Killed an orc knight
  7896 | Bailey   | Reached skill level 5 in Armour
  7896 | Bailey   | Reached XP level 10. HP: 79/79 MP: 14/14
  8203 | D:7      | Noticed a deep elf pyromancer
  8214 | D:7      | Noticed a tengu warrior
  8500 | D:8      | Noticed a two-headed ogre
  8543 | D:8      | Killed a two-headed ogre
  8782 | D:8      | Reached skill level 8 in Maces & Flails
  9494 | D:9      | Noticed Maurice
  9496 | D:9      | Noticed Maurice
  9496 | D:9      | Maurice changed into Maurice the wyvern
  9507 | D:9      | Killed Maurice the wyvern
  9543 | D:9      | Found Qepnaf's Jewellery Boutique.
  9745 | D:9      | Noticed Harold
  9772 | D:9      | Killed Harold
  9960 | D:10     | Entered Level 10 of the Dungeon
 10177 | D:10     | Reached XP level 11. HP: 62/86 MP: 15/15
 10410 | D:10     | Noticed a centaur warrior
 10420 | D:10     | Killed a centaur warrior
 10749 | D:10     | Reached skill level 9 in Maces & Flails
 11195 | D:11     | Noticed a tengu warrior
 11250 | D:11     | Noticed a two-headed ogre
 11275 | D:11     | Killed a two-headed ogre
 11327 | D:11     | Found a runed translucent gate.
 11327 | D:11     | Found a runed translucent gate.
 11327 | D:11     | Found a runed translucent gate.
 11328 | D:11     | Found an opulent altar of Gozag.
 11329 | D:11     | Noticed leviel's ghost (journeyman HOFi)
 11329 | D:11     | Noticed a boulder beetle
 11330 | D:11     | Noticed a boulder beetle
 11508 | D:11     | Reached skill level 10 in Maces & Flails
 11602 | D:11     | Found a staircase to the Orcish Mines.
 11610 | D:11     | Found a staircase to the Lair.
 11615 | D:11     | Noticed an oklob plant
 11742 | D:11     | Noticed an orc knight
 12102 | D:11     | Killed a tengu warrior
 12312 | D:11     | Reached XP level 12. HP: 58/96 MP: 16/16
 12786 | D:11     | Identified the +6 short sword of the Sky {freeze, rCorr
                  | Dex+4}
 12952 | Lair:1   | Entered Level 1 of the Lair of Beasts
 12952 | Lair:1   | Noticed a seven-headed hydra
 12968 | D:11     | Killed a seven-headed hydra
 12969 | D:11     | Reached skill level 10 in Fighting
 13059 | Lair:1   | Reached skill level 11 in Maces & Flails
 13246 | Lair:1   | Noticed Urug
 13254 | Lair:1   | Noticed Grum
 13326 | D:11     | HP: 1/98 [wolf[Grum] (9)]
 13327 | D:11     | Slain by a wolf

Illustrated notes

Levels and vault maps discovered:
D:1:      heliophobic_arrival_henge, layout_basic, minmay_misc_feat_nine_boxes,
          minmay_misc_feat_cross, grunt_decor_resistance
D:2:      layout_basic, serial_shops, nicolae_shop_advertising_works
          [nicolae_subvault_shop_adworks]
D:3:      minmay_bubble_buster, layout_rooms, serial_corexii_hall,
          corexii_hall_statues_t, chequers_hall_statues_y, minmay_crystal_water
D:4:      layout_loops_ring, chequers_ossuary_entry_cave,
          kennysheep_generic_room_4, uniq_blork_the_orc, uniq_grinder
D:5:      layout_basic, lemuel_coloured_pillars_altar, serial_bayou_crossing
D:6:      layout_basic, minmay_temple_entry_glass, nicolae_wooded_promenade,
          grunt_ministairs_6, kennysheep_big_empty_room
D:7:      nzn_winding_woodlands_stair_cross [nzn_winding_woodlands_5x15_zeroes,
          nzn_winding_woodlands_center_triple_pond,
          nzn_winding_woodlands_5x15_concentric,
          nzn_winding_woodlands_5x5_perimeter,
          nzn_winding_woodlands_5x5_open_star, nzn_winding_woodlands_5x15_eye,
          nzn_winding_woodlands_center_garden,
          nzn_winding_woodlands_5x15_sawtooth], layout_cave_pools,
          enter_bailey_5, kennysheep_generic_room_9
D:8:      layout_gridville
D:9:      layout_irregular_city, minmay_shop_enchanted_jewellery,
          serial_bayou_pond_e, hangedman_abyss_or_decor_clamps, uniq_maurice,
          uniq_harold
D:10:     layout_stronghold
D:11:     minmay_the_grid_3x2 [minmay_the_grid_stretched_grid,
          minmay_the_grid_square_x, minmay_the_grid_fan,
          minmay_the_grid_outer_diamond, minmay_the_grid_expand,
          minmay_the_grid_prize_shrinking_boxes], layout_stronghold,
          dpeg_oklobed_lair, ebering_ghost_gozag, serial_glass, glass_columns_a,
          glass_columns_a, glass_columns_c, glass_columns_b, glass_columns_a,
          glass_columns_c, glass_columns_b, glass_columns_c, glass_columns_a,
          glass_columns_b
Temple:   mainiacjoe_temple_starburst
Lair:1:   layout_loops_ring, st_stairs_13, uniq_sonja, uniq_urug, uniq_grum

Skill      XL: |  1  2  3  4  5  6  7  8  9 10 11 12 |
---------------+-------------------------------------+-----
Spellcasting   | 2 3 |  3.0
Polearms       | 3 |  3.4
Armour         | 1 2 3 4 5 6 7 |  7.0
Dodging        | 1 2 3 4 5 6 7 |  7.0
Fighting       | 4 5 6 7 8 9 10 | 10.3
Maces & Flails | 2 3 5 7 8 10 11 | 11.3
Fire Magic     | |  2.4

Action                   |  1- 3 |  4- 6 |  7- 9 | 10-12 || total
-------------------------+-------+-------+-------+-------++-------
Melee: Spear             |   186 |       |       |       ||   186
       Punch             |     2 |       |     3 |    14 ||    19
       Whip              |       |    94 |   396 |   738 ||  1228
 Fire: Hunting sling     |       |       |    14 |       ||    14
Throw: Dart              |       |       |    13 |    22 ||    35
Invok: Foxfire Swarm     |       |       |     1 |     1 ||     2
       Fiery Armour      |       |       |     1 |       ||     1
Evoke: Wand              |       |       |     2 |     7 ||     9
Armor: Robe              |     5 |       |       |       ||     5
       Scale mail        |    41 |       |       |       ||    41
       Leather armour    |    11 |       |       |       ||    11
       Chain mail        |     2 |    26 |       |       ||    28
       Plate armour      |       |    40 |   264 |   541 ||   845
Dodge: Dodged            |    68 |    34 |   119 |   270 ||   491

Table legend: (Time is in decaauts)
 A = Elapsed time spent in this place.
 B = Non-inter-level travel time spent in this place.
 C = Inter-level travel time spent in this place.
 D = Time resting spent in this place.
 E = Time spent auto-exploring this place.
 F = Levels seen in this place.
 G = Mean time per level.
                   A        B        C        D        E       F      G
               +--------+--------+--------+--------+--------+-----+--------+
         Total |  13073 |  12505 |    568 |    548 |   7660 |  15 |  871.5 |
       Dungeon |  11375 |  10854 |    521 |    519 |   6820 |  11 | 1034.1 |
        Temple |    605 |    558 |     47 |      0 |    551 |   1 |  605.0 |
          Lair |    244 |    244 |      0 |      0 |     84 |   1 |  244.0 |
       Ossuary |    311 |    311 |      0 |      0 |    142 |   1 |  311.0 |
        Bailey |    537 |    537 |      0 |     29 |     63 |   1 |  537.0 |
               +--------+--------+--------+--------+--------+-----+--------+

Top non-repeatable levels by time:
    D:11: 1920 daAuts
     D:5: 1881 daAuts
     D:1: 1198 daAuts
    D:10: 1012 daAuts
     D:2: 951 daAuts
     D:6: 844 daAuts
     D:4: 804 daAuts
     D:8: 764 daAuts
     D:7: 730 daAuts
     D:9: 720 daAuts
  Temple: 605 daAuts
     D:3: 545 daAuts
  Bailey: 537 daAuts
 Ossuary: 311 daAuts
  Lair:1: 244 daAuts
